 Dungeon Crawl Stone Soup version 0.29-a0-275-g389c0b56f3 (webtiles) character file.

Game seed: 3892701219822996079

108 shoop the Shooter (level 4, -6/25 HPs)
             Began as a Deep Elf Arcane Marksman on Mar 9, 2022.
             Mangled by a gnoll
             ... wielding a +0 flail
              (7 damage)
             ... on level 4 of the Dungeon.
             The game lasted 00:04:53 (3216 turns).

shoop the Shooter (Deep Elf Arcane Marksman)        Turns: 3216, Time: 00:04:54

Health: -6/25      AC:  2    Str:  9    XL:     4   Next: 58%
Magic:  18/18      EV: 13    Int: 18    God:
Gold:   170        SH:  0    Dex: 15    Spells: 3/7 levels left

rFire   . . .      SeeInvis .   a - +0 shortbow
rCold   . . .      Faith    .   (shield currently unavailable)
rNeg    . . .      Spirit   .   b - +0 robe
rPois   .          Reflect  .   (no helmet)
rElec   .          Harm     .   (no cloak)
rCorr   .          Rampage  .   (no gloves)
Will    .....                   (no boots)
Stlth   ++........              k - amulet of magic regeneration
HPRegen 0.08/turn               p - ring of magical power
MPRegen 0.56/turn               (no ring)

@: no status effects
A: no striking features
a: no special abilities


You were on level 4 of the Dungeon.
You visited 1 branch of the dungeon, and saw 4 of its levels.

You collected 170 gold pieces.

Inventory:

Hand Weapons
 a - a +0 shortbow (weapon)
Armour
 b - a +0 robe (worn)
Jewellery
 k - an amulet of magic regeneration (around neck)
 p - a ring of magical power (left hand)
Scrolls
 c - a scroll of vulnerability
 d - 4 scrolls of identify {unknown}
 e - a scroll of magic mapping {unknown}
 f - a scroll of immolation {unknown}
 g - a scroll of torment {unknown}
 j - a scroll of teleportation {unknown}
 l - 2 scrolls of brand weapon {unknown}
 m - a scroll of summoning {unknown}
 n - a scroll of fear {unknown}
 o - a scroll of blinking {unknown}
 q - a scroll of amnesia {unknown}
Potions
 h - a potion of invisibility {unknown}
 i - a potion of brilliance {unknown}
 r - a potion of curing
 s - a potion of haste {unknown}


   Skills:
 - Level 1.0 Fighting
 - Level 5.0 Bows
 - Level 3.0 Dodging
 - Level 3.0 Stealth
 + Level 2.0 Spellcasting
 * Level 4.0 Hexes
 + Level 0.0 Fire Magic


You had 3 spell levels left.
You knew the following spells:

 Your Spells              Type           Power      Damage    Failure   Level
a - Slow                  Hex            64%        N/A       3%          1
b - Inner Flame           Hex/Fire       9%         N/A       24%         3

Your spell library contained the following spells:

 Spells                   Type           Power      Damage    Failure   Level
 Portal Projectile        Hex/Tloc       18%        N/A       24%         3
 Cause Fear               Hex            8%         N/A       34%         4


Dungeon Overview and Level Annotations

Branches:
Dungeon (4/15)
 Temple: D:4-7

Altars:

Shops:
D:4 (

Annotations:
D:4 1 exclusion


Message History

The gnoll attacks as you move away! The gnoll hits you with a +0 flail.
The gnoll hits you with a +0 flail.
There is a stone staircase leading down, spattered with blood here.
The gnoll barely misses you.
You climb downwards.
Level annotation: 1 exclusion
There is a stone staircase leading up here.
Casting: Slow (safe; 3% risk of failure)
Confirm with . or Enter, or press ? or * to list all spells.
Aiming: Slow (safe; 3% risk of failure)
Press: ? - help, Shift-Dir - straight line, f - gnoll
Aim: a gnoll, wielding a +0 flail (fast, chance to affect: 64%)
The gnoll struggles to resist.
The gnoll misses you. The gnoll hits you with a +0 flail.
Casting: Slow (safe; 3% risk of failure)
Confirm with . or Enter, or press ? or * to list all spells.
Aiming: Slow (safe; 3% risk of failure)
Press: ? - help, Shift-Dir - straight line, f/p - gnoll
Aim: a gnoll, wielding a +0 flail (fast, chance to affect: 64%)
The gnoll struggles to resist.
The gnoll closely misses you.
Casting: Slow (safe; 3% risk of failure)
Confirm with . or Enter, or press ? or * to list all spells.
Aiming: Slow (safe; 3% risk of failure)
Press: ? - help, Shift-Dir - straight line, f/p - gnoll
Aim: a gnoll, wielding a +0 flail (fast, chance to affect: 64%)
The gnoll seems to slow down.
The gnoll barely misses you. The gnoll attacks as you move away!
The gnoll barely misses you.
You shoot an arrow. The arrow hits the gnoll.
The gnoll is moderately wounded.
The gnoll hits you with a +0 flail.
You are too injured to fight recklessly!
You are too injured to fight recklessly!
Shoot: a) +0 shortbow
Press: ? - help, Shift-Dir - straight line, f/p - gnoll
Aim: a gnoll, wielding a +0 flail (moderately wounded, fast, slow, 64% to hit)
You shoot an arrow. The arrow closely misses the gnoll.
The gnoll hits you with a +0 flail!
* * * LOW HITPOINT WARNING * * *
The gnoll hits you with a +0 flail!
You die...

..# ### ..### #.. .<..#
#.# .#### #.# .# #∩# .#
#.# .# ### #.# .#
##.##########.#
.######...##....@g).##
........#....#####...#
..#####...#### ##.###
............# ##...##
..#######.#.# ##.....#
..# #.#.###>.....#### ..#
##.#.............#
..######...####.......###
.#....................#


You could see a gnoll (fast, slow).

Vanquished Creatures
  2 gnolls
  3 adders
  A worm (D:2)
  2 dart slugs
  4 orcs (D:3)
  5 ball pythons
  6 endoplasms
  2 giant cockroaches (D:1)
  5 goblins
  3 hobgoblins
  7 kobolds
  A quokka (D:1)
  4 bats
  2 frilled lizards
  5 rats
52 creatures vanquished.

Vanquished Creatures (others)
  3 plants (D:3)
3 creatures vanquished.

Grand Total: 55 creatures vanquished

Notes
Turn   | Place    | Note
-------+----------+-------------------------------------------
     0 | D:1      | shoop the Deep Elf Arcane Marksman began the quest for the
                  | Orb.
     0 | D:1      | Reached XP level 1. HP: 11/11 MP: 5/5
    75 | D:1      | Reached skill level 1 in Fighting
   140 | D:1      | Reached XP level 2. HP: 2/16 MP: 6/6
   455 | D:1      | Reached skill level 3 in Bows
   475 | D:1      | Found a faded altar of an unknown god.
   480 | D:1      | Reached skill level 1 in Stealth
   867 | D:2      | Reached XP level 3. HP: 20/20 MP: 6/8
  1095 | D:2      | You fall into a shaft and drop 2 floors!
  1223 | D:4      | Reached skill level 4 in Bows
  1283 | D:4      | Found Pinigeoc's Weapon Shoppe.
  1482 | D:4      | Reached XP level 4. HP: 16/25 MP: 9/9
  3135 | D:3      | Reached skill level 5 in Bows
  3139 | D:3      | Learned a level 3 spell: Inner Flame
  3216 | D:4      | HP: 1/25 [gnoll/+0 flail (11)]
  3216 | D:4      | Mangled by a gnoll

Illustrated notes

Levels and vault maps discovered:
D:1:      lightli_arrival_boilingwater, layout_rooms,
          chequers_ecumenical_altar_island, minivault_27,
          grunt_decor_mini_mirrors, minivault_19
D:2:      layout_loops_ring
D:3:      layout_loops_corners, nicolae_grassy_gnolls
D:4:      layout_loops_ring, nicolae_ru_path_of_blood, serial_shops,
          nicolae_lakefront_shop, shop, nicolae_take_the_stairs, shop,
          minivault_5, kennysheep_generic_room_10

Skill      XL: |  1  2  3  4 |
---------------+-------------+-----
Fighting       | 1 |  1.0
Bows           | 3 4 5 |  5.0
Stealth        | 1 2 3 |  3.0
Spellcasting   | 2 |  2.0
Dodging        | 3 |  3.0
Hexes          | |  4.0

Action                   |  1- 3 |  4- 6 || total
-------------------------+-------+-------++-------
 Fire: Shortbow          |    97 |    71 ||   168
 Cast: Slow              |    10 |     7 ||    17
  Use: Potion            |     1 |       ||     1
Armor: Robe              |     3 |     2 ||     5
Dodge: Dodged            |    26 |    27 ||    53

Table legend: (Time is in decaauts)
 A = Elapsed time spent in this place.
 B = Non-inter-level travel time spent in this place.
 C = Inter-level travel time spent in this place.
 D = Time resting spent in this place.
 E = Time spent auto-exploring this place.
 F = Levels seen in this place.
 G = Mean time per level.
                   A        B        C        D        E       F      G
               +--------+--------+--------+--------+--------+-----+--------+
         Total |   3270 |   3241 |     29 |     19 |   2673 |   4 |  817.5 |
       Dungeon |   3270 |   3241 |     29 |     19 |   2673 |   4 |  817.5 |
               +--------+--------+--------+--------+--------+-----+--------+

Top non-repeatable levels by time:
     D:2: 1064 daAuts
     D:3: 1015 daAuts
     D:1: 836 daAuts
     D:4: 354 daAuts
